 Dungeon Crawl Stone Soup version 0.31-a0-740-g87205ac768 (webtiles) character file.

Game seed: 957314242336344664

6 Newt the Ducker (level 1, 0/17 HPs)
             Began as a Demonspawn Gladiator on Sept 12, 2023.
             Slain by a ball python (1 damage)
             ... on level 1 of the Dungeon.
             The game lasted 00:00:05 (178 turns).

Newt the Ducker (Demonspawn Gladiator)               Turns: 178, Time: 00:00:05

Health: 0/17       AC:  4    Str: 14    XL:     1   Next: 75%
Magic:  1/1        EV: 12    Int:  9    God:
Gold:   8          SH:  0    Dex: 14    Spells: 0/0 levels left

rFire   . . .        a - +0 rapier
rCold   . . .        (no shield)
rNeg    . . .        b - +0 leather armour
rPois   .            c - +0 helmet
rElec   .            (no cloak)
rCorr   .            (no gloves)
SInv    .            (no boots)
Will    .....        (no amulet)
Stlth   +            (no ring)
HPRegen 0.22/turn    (no ring)
MPRegen 0.07/turn

%: no passive effects
@: no status effects
A: no striking features
a: no special abilities


You were on level 1 of the Dungeon.
You visited 1 branch of the dungeon, and saw 1 of its levels.

You collected 8 gold pieces.

Inventory:

Hand Weapons
 a - a +0 rapier (weapon)
Missiles
 d - 3 throwing nets (quivered)
 e - a javelin
Armour
 b - a +0 leather armour (worn)
 c - a +0 helmet (worn)
Jewellery
 f - a ring of fire


   Skills:
 + Level 2.6 Fighting
 - Level 2.6 Short Blades
 - Level 1.7 Throwing
 - Level 2.6 Dodging


You couldn't memorise any spells.
You didn't know any spells.
Your spell library was empty.

Dungeon Overview and Level Annotations

Branches:
Dungeon (1/15)

Altars:


Message History

You see here a lumpy sapphire potion.
There are monsters nearby!
A ball python comes into view.
The ball python hisses angrily.
You hit the frilled lizard.
You kill the frilled lizard!
A rat comes into view.
You hit the goblin.
The goblin is heavily wounded.
The goblin barely misses you. The goblin hits you with a +0 dagger.
You closely miss the goblin.
The goblin is heavily wounded.
The ball python bites you but does no damage.
The ball python grabs you. The ball python constricts you.
The goblin misses you.
You closely miss the ball python. The ball python bites you.
The ball python constricts you. The goblin hits you but does no damage.
The ball python bites you. The ball python constricts you.
You are too injured to fight recklessly!
You are too injured to fight recklessly!
You are too injured to fight recklessly!
You are too injured to fight recklessly!
You are too injured to fight recklessly!
You are too injured to fight recklessly!
You are too injured to fight recklessly!
You are too injured to fight recklessly!
You are too injured to fight recklessly!
You are too injured to fight recklessly!
You are too injured to fight recklessly!
You are too injured to fight recklessly!
You are too injured to fight recklessly!
Unknown command.
The ball python's grasp on you weakens, but your attempt to escape fails.
The ball python bites you. The ball python constricts you.
The goblin hits you with a +0 dagger.
* * * LOW HITPOINT WARNING * * *
You escape the ball python's grasp.
The goblin hits you with a +0 dagger.
* * * LOW HITPOINT WARNING * * *
The ball python bites you.
You die...

#### ##...#
#.....# .......##
........#
........#
......†.# ###
......g.####.##
.....rS@.!....####
.#?..##.#........#
### #.#.##.....#
#.#.##.###.#
..#.##.# #.#
###.##.###.#
#........# ..
##...##.###....
...............


You could see a goblin, a ball python and a rat.

Vanquished Creatures
  A goblin (D:1)
  3 jackals (D:1)
  A frilled lizard (D:1)
5 creatures vanquished.

Notes
Turn   | Place    | Note
-------+----------+-------------------------------------------
     0 | D:1      | Newt the Demonspawn Gladiator began the quest for the Orb.
     0 | D:1      | Reached XP level 1. HP: 16/16 MP: 1/1
   178 | D:1      | Slain by a ball python

Illustrated notes

Levels and vault maps discovered:
D:1:      matt_arrival_los_fun, layout_loops_corners

Action                     || total
---------------------------++-------
  Melee: Rapier            ||    17
 Armour: Leather armour    ||    19
  Dodge: Dodged            ||    10

Table legend: (Time is in decaauts)
 A = Elapsed time spent in this place.
 B = Non-inter-level travel time spent in this place.
 C = Inter-level travel time spent in this place.
 D = Time resting spent in this place.
 E = Time spent auto-exploring this place.
 F = Levels seen in this place.
 G = Mean time per level.
                   A        B        C        D        E       F      G
               +--------+--------+--------+--------+--------+-----+--------+
         Total |    179 |    179 |      0 |      0 |    149 |   1 |  179.0 |
       Dungeon |    179 |    179 |      0 |      0 |    149 |   1 |  179.0 |
               +--------+--------+--------+--------+--------+-----+--------+

Top non-repeatable levels by time:
     D:1: 179 daAuts
